AoeStats
← blizzopop

Arabia

510323986Analyzed
2v2 RM · 1d ago on Sep 30, 2026· 13m 37s· 4 players
Game mode
Random Map
Map size
Medium (4 player)
Population
200
Speed
Normal
Resources
Standard
Victory
Conquest
Starting age
Dark Age
Ending age
Imperial Age
RankedLock teamsTeams togetherTeam positionsShared explorationLock speedFull tech treeHidden civsTurbo modeCheats
Victory
Defeat
🇹🇼 Wei · Taiwan
1235
+12
🇹🇼 Khmer · Taiwan
1233
+13
🇦🇷 Spanish · Argentina
1184
-14
🇺🇸 Magyars · United States
1128
-11
blizzopop
6:59 Loom
9:26 Feudal Age
11:39 Double-Bit Axe
elnegro_coty
11:52 Feudal Age
12:35 Loom
HSING
6:14 Loom
8:49 Feudal Age
9:28 Double-Bit Axe
9:44 Horse Collar
T43
6:06 Loom
9:13 Feudal Age
Connection lost

Rejoining the realm…

Still unreachable

The connection could not be restored.

Session expired

The server has moved on; the page needs a fresh start.